 Dungeon Crawl Stone Soup version 0.26-a0-579-g3afe4966bf (webtiles) character file.

Game seed: 8989274891167813323

737 Isi the Covered (level 7, -10/61 HPs)
             Began as a Minotaur Fighter on Aug 22, 2020.
             Was a Follower of Yredelemnul.
             Mangled by an orc wizard
             ... wielding a +1 dagger of electrocution
              (20 damage)
             ... on level 5 of the Dungeon.
             The game lasted 00:49:16 (3629 turns).

Isi the Covered (Minotaur Fighter)                  Turns: 3629, Time: 00:49:17

Health: -10/61     AC: 12    Str: 23    XL:     7   Next: 46%
Magic:  6/6        EV:  4    Int:  5    God:    Yredelemnul [*.....]
Gold:   283        SH: 10    Dex:  9    Spells: 6/6 levels left

rFire    . . .     SeeInvis .   G - +0 mace (protect)
rCold    . . .     Faith    .   c - +0 kite shield
rNeg     . . .     Spirit   .   i - +0 plate armour
rPois    .         Reflect  .   (helmet restricted)
rElec    .         Harm     .   (no cloak)
rCorr    .                      (no gloves)
MR       .....                  (no boots)
Stlth    ..........             f - amulet of the acrobat
HPRegen  0.20/turn              (no ring)
MPRegen  0.10/turn              (no ring)

@: no status effects
A: retaliatory headbutt, horns 2
a: Animate Remains, Renounce Religion


You were on level 5 of the Dungeon.
You worshipped Yredelemnul.
Yredelemnul was aware of your devotion.
You visited 2 branches of the dungeon, and saw 6 of its levels.

You collected 283 gold pieces.

Inventory:

Hand Weapons
 a - a +0 war axe
 d - a +1 dagger of pain
 e - a +0 dagger
 j - a +0 short sword
 p - a +0 dagger
 v - a +0 rapier
 y - a +0 war axe
 G - a +0 mace of protection (weapon)
 K - a +0 mace
 M - a +0 dagger
 N - a +0 club
Missiles
 g - 113 stones (quivered)
 x - 15 poisoned darts
 A - 4 large rocks
 B - a throwing net
 C - 19 sling bullets
 E - 19 arrows
 R - 16 bolts
Armour
 b - a +0 scale mail
 c - a +0 kite shield (worn)
 i - a +0 plate armour (worn)
 l - a +0 helmet
 m - a +0 ring mail
 q - a +0 robe
 u - a +0 robe
 z - a +0 plate armour
 D - a +0 robe
 L - a +0 helmet
 U - a +0 chain mail
Magical Staves
 o - an uncursed staff of cold
Jewellery
 f - an amulet of the acrobat (around neck)
 h - an uncursed amulet of the acrobat
Scrolls
 r - a scroll of immolation
 s - a scroll of noise
 w - 2 scrolls of amnesia
 Q - a scroll of random uselessness
 X - a scroll of teleportation
Potions
 k - a potion of degeneration
 n - a potion of mutation {unknown}
 t - 2 potions of brilliance
 O - a potion of heal wounds {unknown}
 P - a potion of curing
 Z - a potion of magic


   Skills:
 + Level 5.6 Fighting
 + Level 5.3(5.8) Axes
 + Level 3.4(4.8) Maces & Flails
 + Level 6.3 Armour
 + Level 0.1 Dodging
 + Level 1.0 Stealth
 + Level 4.9 Shields
 + Level 0.6 Invocations


You had 6 spell levels left.
You didn't know any spells.
Your spell library was empty.

Dungeon Overview and Level Annotations

Branches:
Dungeon (5/15)             Temple (1/1) D:4

Altars:
Ashenzari
Cheibriados
Dithmenos
Elyvilon
Fedhas
Gozag
Hepliaklqana
Makhleb
Qazlal
Ru
Sif Muna
Trog
Vehumet
Wu Jian
Xom
Yredelemnul
Zin
The Shining One
Jiyva

Shops:
D:4 *


Innate Abilities, Weirdness & Mutations

You reflexively headbutt those who attack you in melee.
You have a pair of horns on your head.


Message History

The orc wizard gestures wildly while chanting.
The orc wizard blinks!
The orc barely misses you.
The orc priest begins to cast a cantrip, but forgets the words!
You see here a potion of curing.
P - 2 potions of curing (gained 1)
The orc wizard casts a spell.
The orc wizard blinks!
You block the orc's attack.
The orc wizard gestures wildly while chanting.
The orc wizard blinks!
The orc priest invokes the aid of Beogh against you.
Beogh smites you!
* * * LOW HITPOINT WARNING * * *
You feel better. The orc wizard barely misses you.
The orc hits you but does no damage.
You completely miss the orc wizard.
The orc wizard hits you but does no damage.
You are electrocuted!!
You die...
Your body rises from the dead as a mindless zombie.

.#8_8# #...###.#.# .######### .
#..#.# #.#.# ....#....# .. #.#
#..#.# .........##...#
..#.##.###### ......#.......
#...........# ......#..## .#
#...........# ..........##.#
##.........^##
##...........###### #...........#
....#...........@o###...........)
..#.#........###o..##..........##
..#.#........# #....#..........##
............## ###.............#
............# ###o#o#oo######
..#.........# #...##.#######
#.#.........### .....#.oo......
#.............###.####.#.........
#.##..............####.#.........


You could see 2 orc priests, an orc wizard (fast) and an orc.

Vanquished Creatures
  The ghost of Aksej the Chopper, an amateur DsGl (D:3)
  An ice beast (D:5)
  An ogre (D:4)
  2 scorpions
  2 hounds
  2 orc priests (D:5)
  2 orc wizards
  5 adders
  A white imp (D:5)
  An ooze (D:3)
  An ufetubus (D:5)
  An adder skeleton (D:5)
  2 worms
  A dart slug (D:2)
  3 leopard geckos
  6 orcs
  2 ball pythons
  5 giant cockroaches
  4 goblins
  4 hobgoblins
  7 jackals
  A scorpion zombie (D:5)
  3 bats
  5 kobolds
  3 rats
66 creatures vanquished.

Vanquished Creatures (collateral kills)
  A scorpion (D:5)
  An orc (D:4)
2 creatures vanquished.

Vanquished Creatures (others)
  A hound zombie (D:5)
  2 orc zombies
3 creatures vanquished.

Grand Total: 71 creatures vanquished

Notes
Turn   | Place    | Note
-------+----------+-------------------------------------------
     0 | D:1      | Isi the Minotaur Fighter began the quest for the Orb.
     0 | D:1      | Reached XP level 1. HP: 19/19 MP: 0/0
   194 | D:1      | You fall into a shaft and drop 1 floor!
   273 | D:2      | Reached XP level 2. HP: 21/27 MP: 1/1
   433 | D:2      | Reached skill level 4 in Armour
   517 | D:2      | Reached XP level 3. HP: 33/33 MP: 2/2
   592 | D:2      | Found a basalt altar of Yredelemnul.
   604 | D:2      | Became a worshipper of Yredelemnul the Dark
   823 | D:3      | Found a runed translucent gate.
   833 | D:3      | Noticed Aksej's ghost (amateur DsGl)
   844 | D:3      | Found a runed translucent gate.
   845 | D:3      | Found a runed translucent gate.
   860 | D:3      | Killed Aksej's ghost
   860 | D:3      | Reached XP level 4. HP: 24/41 MP: 3/3
   860 | D:3      | Reached XP level 5. HP: 27/47 MP: 4/4
  1235 | D:3      | Reached * piety under Yredelemnul
  1622 | D:3      | Found a shimmering altar of Xom.
  1732 | D:4      | Found a radiant altar of Vehumet.
  1751 | D:4      | Upgraded the game from 0.26-a0-576-gcfaa98f945 to
                  | 0.26-a0-579-g3afe4966bf
  1752 | D:4      | Found a sacrificial altar of Ru.
  1752 | D:4      | Found a burning altar of Makhleb.
  1752 | D:4      | Found a shattered altar of Ashenzari.
  1762 | D:4      | Found a shadowy altar of Dithmenos.
  1824 | D:3      | Reached skill level 5 in Fighting
  1824 | D:3      | Reached skill level 5 in Armour
  1824 | D:3      | Reached XP level 6. HP: 26/56 MP: 5/5
  2119 | D:4      | Reached skill level 5 in Axes
  2259 | D:4      | Found Igithas's Elemental Accessories.
  2351 | D:4      | Found a staircase to the Ecumenical Temple.
  2359 | Temple   | Entered the Ecumenical Temple
  2879 | D:5      | Entered Level 5 of the Dungeon
  2898 | D:4      | Reached skill level 1 in Maces & Flails
  3169 | D:5      | Reached skill level 6 in Armour
  3169 | D:5      | Reached XP level 7. HP: 48/61 MP: 6/6
  3236 | D:5      | Found a glowing golden altar of the Shining One.
  3380 | D:5      | Found an opulent altar of Gozag.
  3477 | D:5      | Reached skill level 1 in Stealth
  3627 | D:5      | HP: 2/61 [orc priest/divine providence (13)]
  3629 | D:5      | Mangled by an orc wizard

Illustrated notes

Levels and vault maps discovered:
D:1:      zaba_arrival_water, layout_basic
D:2:      layout_rooms, lemuel_crystal_altar, minmay_indecisive_spiral
D:3:      layout_rooms, nicolae_overflow_hidden_temple,
          ebering_ghost_rock_garden
D:4:      layout_cave_pools, minitemple, minmay_temple_entry_grid,
          nicolae_elemental_shop, minmay_misc_feat_ornament
D:5:      layout_rooms, tso_metal_star, grunt_gozag_breadcrumbs
Temple:   pf_slimified_temple

Skill      XL: |  1  2  3  4  5  6  7 |
---------------+----------------------+-----
Fighting       | 4 5 |  5.6
Armour         | 4 5 6 |  6.3
Shields        | 4 |  4.9
Axes           | 4 5 |  5.3
Maces & Flails | 1 3 |  3.4
Stealth        | 1 |  1.0
Dodging        | |  0.1
Invocations    | |  0.6

Action                   |  1- 3 |  4- 6 |  7- 9 || total
-------------------------+-------+-------+-------++-------
Melee: War axe           |    72 |    54 |       ||   126
       Headbutt          |    13 |    18 |     8 ||    39
       Staff             |     1 |       |       ||     1
       Mace              |       |    71 |    48 ||   119
Invok: Animate Remains   |       |     4 |     2 ||     6
  Use: Scroll            |       |     7 |       ||     7
       Potion            |       |     2 |     3 ||     5
Armor: Scale mail        |     6 |       |       ||     6
       Plate armour      |    39 |    85 |    32 ||   156
Dodge: Dodged            |    12 |    24 |     9 ||    45
Block: Kite shield       |    30 |    58 |    23 ||   111

Table legend: (Time is in decaauts)
 A = Elapsed time spent in this place.
 B = Non-inter-level travel time spent in this place.
 C = Inter-level travel time spent in this place.
 D = Time resting spent in this place.
 E = Time spent auto-exploring this place.
 F = Levels seen in this place.
 G = Mean time per level.
                   A        B        C        D        E       F      G
               +--------+--------+--------+--------+--------+-----+--------+
         Total |   3720 |   3071 |    649 |   1008 |    965 |   6 |  620.0 |
       Dungeon |   3432 |   2802 |    630 |    841 |    965 |   5 |  686.4 |
        Temple |    287 |    268 |     19 |    167 |      0 |   1 |  287.0 |
               +--------+--------+--------+--------+--------+-----+--------+

Top non-repeatable levels by time:
     D:3: 1163 daAuts
     D:4: 768 daAuts
     D:5: 647 daAuts
     D:2: 647 daAuts
  Temple: 287 daAuts
     D:1: 206 daAuts
